 Dungeon Crawl Stone Soup version 0.23.0-3-gf3c87f2df8 (webtiles) character file.

Game seed: 15465553709808934517

95 mitkoXXVII the Magician (level 4, -2/33 HPs)
             Began as a Mummy Ice Elementalist on Feb 22, 2019.
             Slain by Grinder (6 damage)
             ... on level 2 of the Dungeon.
             The game lasted 00:09:49 (3469 turns).

mitkoXXVII the Magician (Mummy Ice Elementalist)    Turns: 3469, Time: 00:09:50

Health: -2/33      AC:  6    Str: 11    XL:     4   Next: 40%
Magic:  3/10       EV: 12    Int: 15    God:
Gold:   134        SH:  0    Dex: 12    Spells: 0/11 levels left

rFire    x . .     SeeInvis .   b - +0 hunting sling
rCold    + . .     Gourm    .   (no shield)
rNeg     + + +     Faith    .   c - +0 robe
rPois    ∞         Spirit   .   i - +2 hat
rElec    .         Reflect  .   l - +1 cloak
rCorr    .         Harm     .   (no gloves)
MR       .....                  (no boots)
Stlth    ++........             (no amulet)
HPRegen  0.11/turn              k - ring of flight
MPRegen  0.12/turn              (no ring)

@: very slightly contaminated
A: no food or potions, fire vulnerability, cold resistance 1, negative energy
resistance 3, torment resistance, unbreathing
a: Evoke Flight


You were on level 2 of the Dungeon.
You were not hungry.

You visited 1 branch of the dungeon, and saw 3 of its levels.

You collected 134 gold pieces.

Inventory:

Hand Weapons
 a - a +0 short sword
 b - a +0 hunting sling (weapon)
 r - a +5 short sword
Missiles
 d - 125 stones
 f - 62 sling bullets (quivered)
Armour
 c - a +0 robe (worn)
 i - a +2 hat (worn)
 l - a +1 cloak (worn)
 m - a cursed +0 ring mail
Jewellery
 k - a ring of flight (left hand)
 n - a cursed +2 ring of intelligence {unknown}
Scrolls
 e - a scroll of blinking {unknown}
 g - a scroll of magic mapping {unknown}
 h - a scroll of remove curse {unknown}
 j - 2 scrolls of teleportation {unknown}
 o - a scroll of fear {unknown}
 p - a scroll of identify {unknown}
 q - a scroll of enchant armour {unknown}


   Skills:
 + Level 2.1 Fighting
 - Level 1.5 Dodging
 - Level 1.5 Stealth
 + Level 4.0 Spellcasting
 - Level 0.7 Conjurations
 + Level 0.2 Summonings
 + Level 3.1 Ice Magic


You couldn't memorise any spells.
You knew the following spells:

 Your Spells              Type           Power        Failure   Level  Hunger
a - Freeze                Ice            ##..         4%          1    N/A
b - Throw Frost           Conj/Ice       #.....       12%         2    N/A
c - Summon Ice Beast      Ice/Summ       #.......     65%         4    N/A
d - Throw Icicle          Conj/Ice       #.......     63%         4    N/A

Your spell library contained the following spells:

 Spells                   Type           Power        Failure   Level  Hunger
 Ozocubu's Armour         Chrm/Ice       #.......     28%         3    N/A

Dungeon Overview and Level Annotations

Branches:
Dungeon (3/15)

Altars:
Xom

Annotations:
D:2 Grinder


Innate Abilities, Weirdness & Mutations

You do not eat or drink.
Your flesh is vulnerable to fire.
You are immune to poison.
Your flesh is cold resistant. (rC+)
You are immune to negative energy. (rN+++)
You are immune to unholy pain and torment.
You can survive without breathing.


Message History

Grinder hits you.
You can move again.
Casting: Freeze (safe; 4% risk of failure)
Confirm with . or Enter, or press ? or * to list all spells.
Aiming: Freeze (safe; 4% risk of failure)
Press: ? - help, Shift-Dir - straight line, f/p - Grinder
Aim: Grinder (lightly wounded) Grinder completely resists.
You freeze Grinder but do no damage. Grinder hits you!
* * * LOW HITPOINT WARNING * * *
Unknown command.
Casting: Freeze (safe; 4% risk of failure)
Confirm with . or Enter, or press ? or * to list all spells.
Aiming: Freeze (safe; 4% risk of failure)
Press: ? - help, Shift-Dir - straight line, f/p - Grinder
Aim: Grinder (lightly wounded) Grinder resists.
You freeze Grinder.
Grinder is lightly wounded.
Grinder hits you.
You die...

#####............##.
##........#...#..####
##.........#...#..##
#
#..........##)##...#
#.....>.....###.†..##
#.........)...[.....#
#..........########.#
#.......>..# #.#
##..5@....## #.#
##........## #.#
#..........# #.#
#..........# #.#
#..........# #.#
#..........# #.##
#..>÷......# #..#
##........## ##..
##......## ###


You could see Grinder.

Vanquished Creatures
  5 adders
  A worm (D:3)
  A dart slug (D:2)
  A leopard gecko (D:1)
  An orc (D:3)
  A bat (D:2)
  A giant cockroach (D:2)
  9 goblins
  3 hobgoblins
  2 jackals
  A ball python (D:1)
  5 frilled lizards
  8 kobolds
  10 rats
49 creatures vanquished.

Notes
Turn   | Place    | Note
-------+----------+-------------------------------------------
     0 | D:1      | mitkoXXVII the Mummy Ice Elementalist began the quest for
                  | the Orb.
     0 | D:1      | Reached XP level 1. HP: 13/13 MP: 4/4
   131 | D:1      | Reached skill level 3 in Spellcasting
   244 | D:1      | Reached XP level 2. HP: 13/20 MP: 6/6
   398 | D:1      | Learned a level 2 spell: Throw Frost
   976 | D:1      | Reached skill level 1 in Fighting
  1667 | D:2      | Reached XP level 3. HP: 22/26 MP: 4/7
  2107 | D:1      | Reached XP level 4. HP: 22/33 MP: 2/9
  2211 | D:1      | Learned a level 4 spell: Summon Ice Beast
  2586 | D:3      | Found a shimmering altar of Xom.
  2686 | D:3      | Reached skill level 4 in Spellcasting
  2792 | D:3      | Learned a level 4 spell: Throw Icicle
  2931 | D:3      | Noticed Grinder
  2949 | D:3      | Paralysed by Grinder for 7 turns
  3199 | D:3      | Paralysed by Grinder for 7 turns
  3216 | D:3      | Paralysed by Grinder for 6 turns
  3462 | D:2      | Paralysed by Grinder for 6 turns
  3469 | D:2      | Slain by Grinder

Skill      XL: |  1  2  3  4 |
---------------+-------------+-----
Spellcasting   | 3 4 |  4.0
Fighting       | 1 2 |  2.1
Ice Magic      | 3 |  3.1
Dodging        | |  1.5
Stealth        | |  1.5
Conjurations   | |  0.7
Summonings     | |  0.2

Action                   |  1- 3 |  4- 6 || total
-------------------------+-------+-------++-------
Melee: Short sword       |   124 |    37 ||   161
 Fire: Hunting sling     |       |     2 ||     2
 Cast: Freeze            |    11 |    13 ||    24
       Throw Frost       |    11 |    10 ||    21
 Abil: Evoke Flight      |     1 |     1 ||     2
 Stab: Sleeping          |     3 |     1 ||     4
Armor: Robe              |    34 |    20 ||    54
Dodge: Dodged            |   104 |    30 ||   134
